 Dungeon Crawl Stone Soup version 0.24-a0-201-gf2055891f0 (webtiles) character file.

Game seed: 11490347263073852564

1608726 EnegeticOcto the Slayer (level 24, 205/205 HPs)
             Began as a Demigod Gladiator on Mar 23, 2019.
             Escaped with the Orb
             ... and 3 runes on Mar 24, 2019!
             The game lasted 02:52:39 (74299 turns).

EnegeticOcto the Slayer (Demigod Gladiator)        Turns: 74299, Time: 02:52:40

Health: 205/205    AC: 48    Str: 21    XL:     24   Next: 97%
Magic:  45/45      EV: 13    Int: 26    God:
Gold:   706        SH: 23    Dex: 17    Spells: 27/47 levels left

rFire    + + .     SeeInvis +   i - +9 eveningstar (vamp)
rCold    + . .     Gourm    .   g - +5 shield {reflect}
rNeg     . . .     Faith    .   H - +10 plate armour {rF+}
rPois    +         Spirit   .   o - +1 helmet
rElec    +         Reflect  +   z - +1 cloak of Insurance {Regen+ SInv}
rCorr    .         Harm     .   E - +3 pair of gauntlets of War {Slay+5}
MR       +++..                  K - +2 pair of boots {run}
Stlth    ..........             Z - amulet "Moug" {rF+ Regen+ Str+4}
HPRegen  1.24/turn              O - ring "Kihid" {rPois MR+ AC+6, =R}
MPRegen  0.29/turn              u - ring "Erhikot" {rElec rC+}

@: quick
A: large bone plates 1, yellow scales 1, deterioration 1, frail 1, high mp 1,
screaming 1, weak 1, no potion heal 1
0: Orb of Zot
}: 3/15 runes: serpentine, barnacled, abyssal
a: no special abilities


You escaped.
You were full.

You visited 9 branches of the dungeon, and saw 48 of its levels.
You visited the Abyss 4 times.
You visited 1 bazaar.
You also visited: Trove, Gauntlet, Volcano and Wizlab.

You collected 6461 gold pieces.
You spent 5755 gold pieces at shops.

Inventory:

Hand Weapons
 i - a +9 vampiric eveningstar (weapon)
Missiles
 d - 2 throwing nets (quivered) {!f}
Armour
 g - a +5 shield of reflection (worn)
 o - a +1 helmet (worn)
 z - the +1 cloak of Insurance (worn) {Regen+ SInv}
   (You bought it in a shop on level 3 of the Elven Halls)

   It lets you see invisible.
   It increases your rate of regeneration.
 E - the +3 pair of gauntlets of War (worn) {Slay+5}
   (You bought it in a shop on level 9 of the Dungeon)

   It affects your accuracy and damage with ranged weapons and melee attacks
   (+5).
 H - a +10 plate armour of fire resistance (worn)
 K - a +2 pair of boots of running (worn)
Jewellery
 s - the ring of Yesterday {-Tele rC+++ Str+2 Int-5 Dex+3}
   (You found it in a treasure trove)

   [ring of dexterity]

   It affects your strength (+2).
   It affects your intelligence (-5).
   It affects your dexterity (+3).
   It renders you almost immune to cold.
   It prevents most forms of teleportation.
 u - the ring "Erhikot" (right hand) {rElec rC+}
   (You bought it in a shop on level 2 of the Orcish Mines)

   [ring of protection from cold]

   It protects you from cold.
   It insulates you from electricity.
 O - the ring "Kihid" (left hand) {rPois MR+ AC+6, =R}
   (You found it in a Gauntlet)

   [ring of protection]

   It affects your AC (+6).
   It protects you from poison.
   It affects your resistance to hostile enchantments.
 X - an uncursed ring of resist corrosion
 Z - the amulet "Moug" (around neck) {rF+ Regen+ Str+4}
   (You found it on level 6 of the Lair of Beasts)

   [amulet of regeneration]

   It affects your strength (+4).
   It protects you from fire.
   It increases your rate of regeneration.
Wands
 l - a wand of paralysis (28)
 r - a wand of iceblast (52)
 D - a wand of scattershot (30)
 F - a wand of clouds (3)
 N - a wand of polymorph (27)
 P - a wand of digging (12)
 S - a wand of acid (9)
 T - a wand of enslavement (11)
Scrolls
 b - a scroll of silence
 c - 2 scrolls of identify {@r1}
 k - 3 scrolls of noise
 n - 10 scrolls of fear {!r}
 w - 16 scrolls of remove curse {@r2}
 y - 3 scrolls of immolation
 B - 7 scrolls of fog {!r}
 C - 4 scrolls of blinking {@r4}
 G - 10 scrolls of teleportation {@r3 !r}
 I - a scroll of holy word
 U - 4 scrolls of magic mapping {@r5 !r}
 V - 3 scrolls of vulnerability
 Y - 4 scrolls of summoning
Potions
 a - 4 potions of resistance
 h - 4 potions of agility {@q5 !q}
 j - 15 potions of curing {@q1}
 p - 7 potions of magic
 q - 4 potions of haste {@q4 !q}
 t - a potion of invisibility
 v - 7 potions of lignification {@q6}
 x - 9 potions of might {@q3 !q}
 A - 7 potions of brilliance
 J - 4 potions of mutation
 L - a potion of berserk rage
 M - a potion of ambrosia
 Q - 3 potions of cancellation
Miscellaneous
 m - 4 boxes of beasts
 R - 2 phantom mirrors
 W - a lamp of fire
Comestibles
 e - 72 rations


   Skills:
 + Level 21.5 Fighting
 - Level 16.0 Maces & Flails
 - Level 1.7 Throwing
 - Level 15.0 Armour
 - Level 10.1 Dodging
 - Level 15.0 Shields
 - Level 12.2 Spellcasting
 - Level 8.0 Hexes
 - Level 8.0 Charms
 - Level 8.0 Summonings
 - Level 10.0 Necromancy
 - Level 8.0 Translocations
 - Level 4.0 Transmutations
 - Level 4.1 Earth Magic
 - Level 15.0 Evocations


You had 27 spell levels left.
You knew the following spells:

 Your Spells              Type           Power        Failure   Level  Hunger
a - Apportation           Tloc           ######       1%          1    None
b - Blink                 Tloc           N/A          2%          2    None
c - Vampiric Draining     Necr           ######....   1%          3    None
d - Summon Butterflies    Summ           ######..     1%          1    None
e - Passwall              Tmut/Erth      #####...     11%         2    None
f - Spectral Weapon       Hex/Chrm       ######..     4%          3    None
g - Confusing Touch       Hex            ######       1%          1    None
h - Passage of Golubria   Tloc           N/A          14%         4    None
T - Regeneration          Chrm/Necr      ######....   2%          3    None

Your spell library contained the following spells:

 Spells                   Type           Power        Failure   Level  Hunger
 Animate Skeleton         Necr           N/A          1%          1    None
 Pain                     Necr           ####         1%          1    None
 Summon Small Mammal      Summ           ####         1%          1    None
 Corpse Rot               Necr           N/A          1%          2    None
 Call Imp                 Summ           ######..     2%          2    None
 Shroud of Golubria       Chrm/Tloc      ######....   2%          2    None
 Slow                     Hex            ######..     2%          2    None
 Call Canine Familiar     Summ           ######..     4%          3    None
 Confuse                  Hex            ######..     4%          3    None
 Gell's Gravitas          Tloc           ######....   4%          3    None
 Lesser Beckoning         Tloc           ######....   4%          3    None
 Summon Guardian Golem    Hex/Summ       ######..     4%          3    None
 Teleport Other           Tloc           ######..     4%          3    None
 Tukima's Dance           Hex            ######..     4%          3    None
 Animate Dead             Necr           N/A          6%          4    None
 Sandblast                Erth           #####.       7%          1    None
 Beastly Appendage        Tmut           #####.       8%          1    None
 Sticks to Snakes         Tmut           #####...     11%         2    None
 Cause Fear               Hex            ######....   14%         4    None
 Ozocubu's Armour         Chrm/Ice       #####...     22%         3    None
 Leda's Liquefaction      Hex/Erth       #####.....   30%         4    None
 Flame Tongue             Conj/Fire      ###..        36%         1    None
 Freeze                   Ice            ###.         36%         1    None
 Magic Dart               Conj           ###.         36%         1    None
 Summon Forest            Summ/Tloc      ######....   36%         5    ###....
 Summon Mana Viper        Hex/Summ       ######..     36%         5    ###....
 Stone Arrow              Conj/Erth      ####..       43%         3    None
 Spider Form              Tmut/Pois      ####......   45%         3    None
 Searing Ray              Conj           ###...       50%         2    None
 Throw Flame              Conj/Fire      ###...       50%         2    None
 Throw Frost              Conj/Ice       ###...       50%         2    None
 Petrify                  Tmut/Erth      #####...     56%         4    None
 Fulminant Prism          Conj/Hex       #####.....   58%         4    None
 Summon Ice Beast         Ice/Summ       #####...     58%         4    None
 Summon Lightning Spire   Summ/Air       #####...     58%         4    None
 Yara's Violent Unravell  Hex/Tmut       #####.....   65%         5    ###....
 Conjure Flame            Conj/Fire      ###.....     75%         3    None
 Mephitic Cloud           Conj/Pois/Air  ###.....     75%         3    None
 Bolt of Draining         Conj/Necr      #####.....   80%         5    ###....
 Ice Form                 Ice/Tmut       ####....     86%         4    None
 Lee's Rapid Deconstruct  Erth           #####.....   88%         5    ###....
 Blade Hands              Tmut           #####.....   90%         5    ###....
 Iskenderun's Battlesphe  Conj/Chrm      #####...     90%         5    ###....
 Metabolic Englaciation   Hex/Ice        #####.....   90%         5    ###....
 Silence                  Hex/Air        #####.....   90%         5    ###....
 Invisibility             Hex            ######..     91%         6    #####..
 Shadow Creatures         Summ           N/A          91%         6    #####..
 Airstrike                Air            ###.......   98%         4    None
 Iskenderun's Mystic Bla  Conj           ###.....     98%         4    None
 Sticky Flame             Conj/Fire      ###.....     98%         4    None
 Throw Icicle             Conj/Ice       ###.....     98%         4    None
 Alistair's Intoxication  Tmut/Pois      ####....     99%         5    ###....
 Bolt of Magma            Conj/Fire/Erth ###.......   99%         5    ###....
 Irradiate                Conj/Tmut      ####......   99%         5    ###....
 Bolt of Cold             Conj/Ice       ###.......   100%        6    #####..
 Bolt of Fire             Conj/Fire      ###.......   100%        6    #####..
 Conjure Ball Lightning   Conj/Air       ###.......   100%        6    #####..
 Deflect Missiles         Chrm/Air       #####.....   100%        6    #####..
 Hydra Form               Tmut           #####.....   100%        6    #####..
 Statue Form              Tmut/Erth      #####....    100%        6    #####..
 Dragon Form              Tmut           #####.....   100%        7    ######.
 Malign Gateway           Summ/Tloc      ######....   100%        7    ######.
 Spellforged Servitor     Conj/Summ      #####.....   100%        7    ######.
 Summon Hydra             Summ           ######....   100%        7    ######.
 Discord                  Hex            ######....   100%        8    #######
 Dragon's Call            Summ           ######....   100%        9    #######
 Tornado                  Air            ###.......   100%        9    #######


Dungeon Overview and Level Annotations

Branches:
Dungeon (15/15)            Temple (0/1) D:5            Lair (6/6) D:8
 Shoals (4/4) Lair:4        Snake (4/4) Lair:2        Slime (0/5) Lair:5
    Orc (2/2) D:9             Elf (3/3) Orc:2        Vaults (4/5) D:13
  Crypt (0/3) Vaults:3     Depths (5/5) D:15            Zot (5/5) Depths:5

Shops:
D:5 ?   D:7 *   D:9 *[:}   D:14 (   Orc:2 !:=?   Elf:2 }   Elf:3 *
Snake:2 }=}   Vaults:1 *[%   Vaults:2 ?   Depths:3 }   Depths:4 :

Portals:
Hell: Depths:1 Depths:2 Depths:3 Depths:4 Depths:5
Abyss: Depths:4
Pandemonium: Depths:1 Depths:3 Depths:4
Ziggurat: Depths:2

Annotations:
D:4 1 runed translucent door, Crazy Yiuf
D:13 1 runed translucent door, hemabe's ghost, adept HuAr
Lair:6 exclusion: ice statue
Shoals:4 1 runed translucent door, P0WERM0DE's ghost, journeyman DDFi
Snake:4 1 exclusion
Depths:3 1 runed door


Innate Abilities, Weirdness & Mutations

You have an increased reservoir of magic. (+10% MP)
You are partially covered in large bone plates. (SH +4)
You are partially covered in yellow scales. (AC +2)
Your body sometimes deteriorates upon taking damage.
You are frail. (-10% HP)
You occasionally shout uncontrollably at your foes.
You are weak. (Str -2)
Potions are less effective at restoring your health.


Message History

There is a stone staircase leading up here.
You climb upwards.
There is a stone staircase leading down here.
There is a stone staircase leading up here.
You climb upwards.
There is a stone staircase leading down here.
There is a stone staircase leading up here.
You climb upwards.
There is a stone staircase leading down here.
There is an open door here.
You see here a +0 dagger.
You see here a ring mail.
There is an open door here.
There is an open door here.
There is an open door here.
You open the door.
There is an open door here.
There is a staircase leading out of the dungeon here.
There is a staircase leading out of the dungeon here.
You have escaped!

..######..#.##.#####.#
..+..(...>..##.......#
..##.#################
..##'# ### ..##.## ##.##
###...## ##...## ##.....##
##.....## #...(...##
##.......#### .........#
#....@....'.#
#.......#####.......##'#
##.....###.###.....###.##
###...###...###...###...##
.###.###.....###.###.....##
..##'##.......##'##.......##
...'.'.........'.+.........#
..##'##.......##'##.......##
.###[###.....###.###.....##


There were no monsters in sight!

Vanquished Creatures
  Mara (Depths:2)
  2 orbs of fire (Zot:5)
  3 ancient liches (Zot:5)
  A Killer Klown (Zot:5)
  Margery (Vaults:3)
  6 caustic shrikes (Depths:5)
  Jory (Vaults:2)
  5 golden dragons
  Nikola (Elf:3)
  4 bone dragons
  A Brimstone Fiend (D:8)
  An electric golem (Zot:5)
  4 tentacled monstrosities
  21 Orb Guardians
  A titan (Depths:5)
  8 liches
  2 deep elf blademasters
  4 deep elf master archers
  4 tentacled starspawn
  2 acid blobs (Depths:4)
  Polyphemus (Shoals:4)
  2 death cobs (Zot:2)
  Kirke (Elf:1)
  4 shadow dragons
  6 storm dragons
  Donald (Shoals:3)
  5 tengu reavers
  2 azure jellies (Depths:4)
  9 nagarajas
  6 draconian monks
  9 fire giants
  4 ghost moths
  Ilsuiw (Shoals:3)
  2 orc warlords (Orc:2)
  3 cacodemons (Abyss:1)
  A draconian knight (Depths:5)
  A draconian scorcher (Zot:5)
  7 vault wardens
  8 deep elf sorcerers
  8 frost giants
  Aizul (Snake:1)
  A curse skull (Depths:3)
  3 draconian shifters (Zot:1)
  A draconian stormcaller (Zot:5)
  Louise (Snake:1)
  A ghoul (Vaults:2)
  7 ironheart preservers
  3 draconian annihilators
  A deep elf elementalist (Elf:2)
  A reaper (Depths:3)
  25 stone giants
  2 entropy weavers
  21 very ugly things
  3 green draconians
  The ghost of loom the Unseen, a journeyman SpEn of Nemelex Xobeh (D:14)
  2 black draconians
  2 vampire knights
  Azrael (D:14)
  8 deep elf demonologists
  2 lorocyprocas
  10 white draconians
  6 yellow draconians
  14 purple draconians
  6 red draconians
  11 spark wasps
  2 deep elf annihilators (Elf:3)
  13 ettins
  8 statues (WizLab)
  2 minotaurs
  5 deep elf death magi
  8 death oozes (Depths:4)
  3 merfolk javelineers
  2 blizzard demons
  14 yaktaur captains
  8 merfolk impalers
  7 deep elf high priests
  8 fire dragons
  12 ogre magi
  13 great orbs of eyes
  8 hydras
  9 ice dragons
  9 rakshasas
  3 merfolk avatars
  A spriggan air mage (Depths:4)
  3 merfolk aquamancers
  A catoblepas (Shoals:4)
  13 naga warriors (Snake:4)
  5 death yaks
  14 centaur warriors
  9 anacondas
  An alligator (shapeshifter) (Depths:2)
  37 dancing weapons
  4 satyrs
  33 two-headed ogres
  11 deep troll earth magi
  An alligator snapping turtle (Shoals:3)
  3 death knights
  Urug (Lair:1)
  2 vampire magi
  12 naga sharpshooters
  7 deep troll shamans
  3 orc high priests (Orc:2)
  18 small abominations
  5 thrashing horrors
  4 shock serpents
  5 spriggan berserkers
  5 tengu warriors
  An iron troll (Depths:4)
  Nergalle (Lair:3)
  7 wretched stars
  24 deep elf knights
  5 soul eaters (Depths:3)
  25 hell knights
  4 salamander mystics
  4 shadow wraiths
  4 sixfirhies
  An unseen horror (D:12)
  5 glowing orange brains
  27 deep trolls
  3 spatial maelstroms
  An unseen horror (shapeshifter) (Vaults:4)
  8 sea snakes
  A torturous demonspawn (Depths:4)
  A glowing orange brain (shapeshifter) (Vaults:1)
  A flayed ghost (Vaults:1)
  11 naga ritualists
  2 gelid demonspawn
  3 wizards
  8 ironbrand convokers
  13 necromancers
  12 harpies
  3 phantasmal warriors
  14 deep elf archers
  3 mana vipers (Snake:2)
  15 orc knights
  15 salamanders
  5 wolf spiders
  A mana viper (shapeshifter) (Depths:4)
  A harpy (shapeshifter) (D:15)
  14 orc sorcerers
  A shining eye (shapeshifter) (Depths:5)
  A tengu zombie (Vaults:4)
  16 manticores
  7 cyclopes
  12 fauns
  74 deep elf magi
  27 ugly things
  8 moths of wrath
  3 worldbinders
  A frost giant skeleton (Vaults:4)
  3 centaur zombies
  21 black mambas
  An eye of devastation (Shoals:2)
  A stone giant skeleton (Abyss:1)
  9 elephants
  14 merfolk sirens
  8 smoke demons
  2 guardian serpents
  6 vault sentinels
  A water nymph (shapeshifter) (D:14)
  5 water nymphs
  2 molten gargoyles (Volcano)
  21 naga magi
  4 hellions
  A spiny frog (shapeshifter) (Vaults:1)
  5 spectral swamp worms (Depths:2)
  2 orange demons (Abyss:1)
  13 spiny frogs
  6 centaur skeletons
  An efreet (D:14)
  3 rime drakes
  4 freezing wraiths
  42 yaktaurs
  7 komodo dragons
  5 starcursed masses (Abyss:1)
  A hellwing (Depths:3)
  2 ice devils
  A human skeleton (Vaults:4)
  4 tengu conjurers
  A troll (shapeshifter) (Depths:4)
  2 meliai (shapeshifter)
  3 meliai (D:14)
  11 hornets
  A jumping spider (Vaults:3)
  19 merfolk
  A merfolk (shapeshifter) (Depths:2)
  7 red devils
  3 ancient zymes (Abyss:1)
  5 polar bears
  11 trolls
  A jumping spider (shapeshifter) (Vaults:3)
  A raiju (shapeshifter) (Vaults:2)
  A tengu simulacrum (Vaults:2)
  11 raiju (Abyss:1)
  4 wind drakes
  Prince Ribbit (D:8)
  17 slime creatures
  9 hippogriffs
  16 large abominations
  7 dream sheep
  8 snapping turtles
  24 blink frogs
  2 redbacks
  13 water elementals
  Sigmund (D:5)
  3 shadows
  6 ynoxinuls
  3 spriggans (Depths:4)
  2 wraiths
  4 air elementals (Elf:2)
  5 basilisks
  2 fire bats (Volcano)
  A tarantella (D:14)
  2 vampires
  7 wyverns
  A human (D:7)
  6 fire elementals
  3 chaos spawn
  4 hogs (D:7)
  5 golden eyes
  26 yaks
  5 hungry ghosts
  A steam dragon (Lair:4)
  2 basilisks (shapeshifter)
  5 neqoxecs
  A yaktaur simulacrum (Vaults:2)
  3 insubstantial wisps (Abyss:2)
  9 vampire mosquitoes
  6 wargs
  Menkaure (D:5)
  3 acid dragons
  A soldier ant (D:14)
  A hell hound (D:14)
  44 nagas
  15 water moccasins
  4 porcupines
  32 orc warriors
  An elf zombie (Vaults:4)
  4 phantoms
  2 hornet zombies
  11 ice beasts
  3 black bears
  2 eyes of draining
  5 sky beasts
  35 ogres
  5 wolves (Lair:1)
  8 boggarts (Vaults:2)
  A snapping turtle zombie (Abyss:1)
  16 centaurs
  9 crocodiles
  A swamp dragon skeleton (Abyss:1)
  21 bullfrogs
  A big kobold (D:9)
  Blork the orc (D:4)
  5 earth elementals
  2 wyvern zombies
  A wyvern skeleton (D:8)
  7 scorpions
  2 troll zombies (D:9)
  3 howler monkeys
  2 wights (Abyss:1)
  2 electric eels
  2 lava snakes (Volcano)
  6 crimson imps
  4 quasits
  14 orc priests
  8 hounds
  8 jellies
  2 bullfrog skeletons
  An iron imp (Abyss:1)
  9 worker ants
  27 orc wizards
  Ijyb (D:3)
  3 yak simulacra (D:13)
  A killer bee zombie (D:10)
  4 polar bear simulacra (D:13)
  2 wolf simulacra (D:13)
  4 ogre zombies (D:9)
  A hound zombie (D:6)
  A worker ant zombie (D:9)
  5 gnolls
  A howler monkey skeleton (D:11)
  6 adders
  2 river rats (Lair:4)
  8 shadow imps
  A white imp (Abyss:2)
  3 ufetubi (Abyss:1)
  4 oozes
  2 worms (D:3)
  6 dart slugs
  11 leopard geckos
  85 orcs
  A ball python (D:3)
  13 bats
  11 giant cockroaches
  12 goblins
  8 hobgoblins
  5 iguanas
  12 jackals
  10 quokkas
  5 frilled lizards
  A goblin zombie (D:9)
  A hobgoblin skeleton (D:9)
  A hobgoblin zombie (D:9)
  12 kobolds
  A leopard gecko skeleton (D:3)
  A leopard gecko zombie (D:7)
  3 orc skeletons (D:9)
  13 orc zombies (D:9)
  13 rats
  2 river rat simulacra (D:13)
  A crawling corpse (Elf:2)
  A fungus (Lair:3)
  2 lurking horrors
  4 starspawn tentacles (Abyss:1)
2116 creatures vanquished.

Vanquished Creatures (collateral kills)
  2 caustic shrikes (Depths:5)
  A naga mage (Snake:3)
  3 nagas (Snake:3)
6 creatures vanquished.

Vanquished Creatures (others)
  An ancient lich (Zot:5)
  A sphinx (Depths:2)
  Agnes (Elf:2)
  A deep elf annihilator (Elf:3)
  A statue (WizLab)
  A yaktaur captain (Vaults:3)
  A naga warrior (Snake:4)
  A satyr (Shoals:3)
  A naga sharpshooter (Snake:3)
  A shock serpent (Snake:3)
  An unseen horror (shapeshifter) (Vaults:1)
  2 deep elf archers
  A necromancer (Depths:4)
  3 deep elf magi (Elf:1)
  An apocalypse crab (Abyss:3)
  8 yaktaurs
  A water elemental (Shoals:1)
  A hog (Elf:1)
  5 humans (Elf:1)
  A naga (Snake:4)
  A floating eye (Depths:4)
  A centaur (Vaults:2)
  3 orc wizards
  An orc (Orc:1)
  A briar patch (Abyss:3)
  2 bushes (Lair:6)
  A demonic plant (Abyss:2)
  4 fungi
  31 plants
  51 spectral weapons
  11 starspawn tentacles
141 creatures vanquished.

Grand Total: 2263 creatures vanquished

Notes
Turn   | Place    | Note
-------+----------+-------------------------------------------
     0 | D:1      | EnegeticOcto the Demigod Gladiator began the quest for the
                  | Orb.
     0 | D:1      | Reached XP level 1. HP: 17/17 MP: 3/3
   301 | D:1      | Reached XP level 2. HP: 18/24 MP: 4/4
   570 | D:1      | Reached XP level 3. HP: 20/29 MP: 5/5
  1027 | D:2      | Found a faded altar of an unknown god.
  1414 | D:2      | Found a shimmering altar of Xom.
  2086 | D:2      | Reached XP level 4. HP: 36/36 MP: 6/6
  2197 | D:3      | Noticed Ijyb
  2208 | D:3      | Paralysed by Ijyb for 4 turns
  2214 | D:3      | Killed Ijyb
  2265 | D:3      | Reached skill level 5 in Maces & Flails
  2654 | D:3      | Reached XP level 5. HP: 33/41 MP: 7/7
  3343 | D:3      | HP: 2/41 [poisoned by an adder]
  3851 | D:3      | Found a stormy altar of Qazlal.
  3897 | D:2      | Found a stormy altar of Qazlal.
  4050 | D:4      | Noticed Blork the orc
  4063 | D:4      | Killed Blork the orc
  4153 | D:4      | Reached skill level 2 in Fighting
  4159 | D:4      | Reached XP level 6. HP: 24/48 MP: 8/8
  4482 | D:4      | Found a shimmering altar of Xom.
  4556 | D:4      | Found a runed translucent door.
  4557 | D:4      | Noticed Crazy Yiuf
  4573 | D:4      | Found a glowing golden altar of the Shining One.
  5008 | D:4      | Found a glowing silver altar of Zin.
  5008 | D:4      | Found a burning altar of Makhleb.
  5009 | D:4      | Noticed a cacodemon
  5009 | D:4      | Noticed an angel
  5054 | D:4      | Found a shadowy altar of Dithmenos.
  5113 | D:4      | Reached skill level 3 in Fighting
  5195 | D:5      | Entered Level 5 of the Dungeon
  5311 | D:5      | Reached XP level 7. HP: 49/58 MP: 9/9
  5380 | D:5      | Reached skill level 4 in Fighting
  5488 | D:5      | Found Wycseb's Magic Scroll Emporium.
  5496 | D:5      | Bought a scroll of teleportation for 36 gold pieces
  5496 | D:5      | Bought a scroll of magic mapping for 42 gold pieces
  5496 | D:5      | Bought a scroll of fear for 42 gold pieces
  5496 | D:5      | Bought a scroll of remove curse for 36 gold pieces
  5496 | D:5      | Bought a scroll of identify for 24 gold pieces
  5541 | D:5      | Noticed Sigmund
  5555 | D:5      | Killed Sigmund
  5586 | D:5      | Noticed Menkaure
  5604 | D:5      | Killed Menkaure
  5604 | D:5      | Reached skill level 5 in Fighting
  5917 | D:5      | Found a staircase to the Ecumenical Temple.
  5967 | D:5      | Reached XP level 8. HP: 53/68 MP: 10/10
  6388 | D:6      | Found a radiant altar of Vehumet.
  6721 | D:6      | Reached skill level 6 in Fighting
  7248 | D:6      | Reached skill level 7 in Fighting
  7389 | D:7      | Found a sacrificial altar of Ru.
  7764 | D:7      | Reached XP level 9. HP: 78/79 MP: 11/11
  8289 | D:7      | Reached skill level 8 in Fighting
  8289 | D:7      | Reached skill level 10 in Maces & Flails
  8488 | D:7      | Found Teeryvak's Elemental Accessories.
  9432 | D:8      | Noticed Prince Ribbit
  9826 | D:8      | Reached skill level 9 in Fighting
  9857 | D:8      | Noticed a cyan ugly thing
  9878 | D:8      | Killed a cyan ugly thing
  9878 | D:8      | Reached XP level 10. HP: 88/91 MP: 13/13
 10038 | D:8      | Found a staircase to the Lair.
 10058 | D:8      | Found a shattered altar of Ashenzari.
 10334 | D:8      | Killed Prince Ribbit
 10662 | D:9      | Found Xithrynlu's Assorted Antiques.
 10785 | D:9      | Noticed a two-headed ogre
 10786 | D:9      | Found Icoodeps's Book Emporium.
 10813 | D:9      | Killed a two-headed ogre
 11230 | D:9      | Bought a polished great mace for 276 gold pieces
 11230 | D:9      | Identified the cursed +0 great mace "Zuash" {crush, rPois
                  | rF+ Str+5} (You bought it in a shop on level 9 of the
                  | Dungeon)
 11248 | D:9      | Found Veuquc's Gadget Shop.
 11362 | D:9      | Found Jasuriun's Armour Boutique.
 11377 | D:9      | Reached skill level 10 in Fighting
 11818 | D:9      | Found a staircase to the Orcish Mines.
 12718 | D:10     | Entered Level 10 of the Dungeon
 13230 | D:10     | Found a portal to a secret trove of treasure.
 14049 | Orc:1    | Entered Level 1 of the Orcish Mines
 14057 | Orc:1    | Found a roughly hewn altar of Beogh.
 14065 | D:9      | Reached XP level 11. HP: 101/101 MP: 14/14
 14540 | Orc:2    | Entered Level 2 of the Orcish Mines
 14548 | Orc:1    | Learned a level 1 spell: Apportation
 14551 | Orc:1    | Learned a level 2 spell: Blink
 15004 | Orc:2    | Found a staircase to the Elven Halls.
 15077 | Orc:2    | Reached skill level 11 in Fighting
 15319 | Orc:1    | Noticed an orc knight
 15622 | D:9      | Bought the +3 pair of gauntlets of War {Slay+5} for 665
                  | gold pieces
 15622 | D:9      | Found the +3 pair of gauntlets of War {Slay+5}
 15678 | Lair:1   | Entered Level 1 of the Lair of Beasts
 15692 | Lair:1   | Noticed Urug
 15704 | Lair:1   | Killed Urug
 15791 | Lair:1   | Found a dark tunnel.
 15796 | Volcano  | Entered a volcano
 16102 | Volcano  | Found a bloodstained altar of Trog.
 16102 | Volcano  | Noticed a two-headed ogre
 16102 | Volcano  | Noticed an ogre mage
 16102 | Volcano  | Noticed a two-headed ogre
 16102 | Volcano  | Noticed a two-headed ogre
 16107 | Volcano  | Killed a two-headed ogre
 16113 | Volcano  | Killed a two-headed ogre
 16117 | Volcano  | Killed an ogre mage
 16123 | Volcano  | Killed a two-headed ogre
 16327 | Volcano  | Noticed a red draconian
 16346 | Volcano  | Killed a red draconian
 16733 | Volcano  | Identified a +0 pair of boots of running (You found it in a
                  | volcano)
 16767 | Volcano  | Noticed a two-headed ogre
 16770 | Volcano  | Killed a two-headed ogre
 16770 | Volcano  | Reached skill level 12 in Fighting
 16991 | Lair:1   | Noticed a five-headed hydra
 16998 | Lair:1   | Killed a five-headed hydra
 17143 | Lair:1   | Reached skill level 1 in Armour
 17929 | Lair:2   | Found a gate leading to a gauntlet.
 17945 | Gauntlet | Entered a Gauntlet
 17945 | Gauntlet | Found a transporter.
 17945 | Gauntlet | Found a large runed translucent door.
 17945 | Gauntlet | Found a large runed translucent door.
 17945 | Gauntlet | Found a large runed translucent door.
 17945 | Gauntlet | Found a large runed translucent door.
 17945 | Gauntlet | Found a runed translucent door.
 17945 | Gauntlet | Found a runed translucent door.
 17945 | Gauntlet | Found a large runed translucent door.
 17945 | Gauntlet | Found a large runed translucent door.
 17945 | Gauntlet | Found a large runed translucent door.
 17945 | Gauntlet | Found a large runed translucent door.
 17945 | Gauntlet | Found a large runed translucent door.
 17945 | Gauntlet | Found a large runed translucent door.
 18103 | Gauntlet | Found a large runed translucent door.
 18103 | Gauntlet | Found a large runed translucent door.
 18112 | Gauntlet | Found a transporter.
 18127 | Gauntlet | Found a transporter.
 18132 | Gauntlet | Found a transporter.
 18147 | Gauntlet | Found a transporter.
 18148 | Gauntlet | Noticed a necromancer
 18149 | Gauntlet | Noticed a death yak
 18154 | Gauntlet | Noticed a death yak
 18154 | Gauntlet | Noticed a death yak
 18156 | Gauntlet | Noticed a death yak
 18166 | Gauntlet | Found a transporter.
 18166 | Gauntlet | Noticed a death drake
 18178 | Gauntlet | Found a transporter.
 18178 | Gauntlet | Noticed a blizzard demon
 18190 | Gauntlet | Found a transporter.
 18192 | Gauntlet | Noticed a catoblepas
 18202 | Gauntlet | Found a transporter.
 18202 | Gauntlet | Noticed a catoblepas
 18214 | Gauntlet | Found a transporter.
 18214 | Gauntlet | Noticed an obsidian statue
 18235 | Gauntlet | Found a transporter.
 18248 | Gauntlet | Found a transporter.
 18250 | Gauntlet | Found a transporter.
 18269 | Gauntlet | Found a large runed translucent door.
 18270 | Gauntlet | Found a large runed translucent door.
 18274 | Gauntlet | Found a runed translucent gate.
 18274 | Gauntlet | Found a runed translucent gate.
 18274 | Gauntlet | Found a runed translucent gate.
 18276 | Gauntlet | Found a transporter.
 18278 | Gauntlet | Found a transporter.
 18284 | Gauntlet | Found a large runed translucent door.
 18285 | Gauntlet | Found a large runed translucent door.
 18298 | Gauntlet | Found a transporter.
 18378 | Gauntlet | Found a transporter.
 18400 | Gauntlet | Found a transporter.
 18515 | Gauntlet | Reached XP level 12. HP: 112/112 MP: 15/15
 18549 | Gauntlet | Gained mutation: Your spells are a little easier to cast,
                  | but a little less powerful. [a neqoxec]
 18616 | Gauntlet | Got a slimy iron ring
 18625 | Gauntlet | Identified the ring "Kihid" {rPois MR+ AC+6} (You found it
                  | in a Gauntlet)
 18643 | Gauntlet | Noticed a minotaur
 18818 | Gauntlet | Killed a minotaur
 18832 | Gauntlet | Identified the Papyrus of the Entourage and Fire
 19226 | Lair:2   | Found a staircase to the Snake Pit.
 20021 | Lair:3   | Reached skill level 1 in Evocations
 20043 | Lair:3   | Reached skill level 5 in Dodging
 20289 | Lair:3   | Noticed Nergalle
 20305 | Lair:3   | Killed Nergalle
 21006 | Lair:4   | Found a hazy altar of Hepliaklqana.
 21562 | Lair:4   | Reached skill level 5 in Armour
 21879 | Lair:4   | Found a staircase to the Shoals.
 21934 | Lair:4   | Reached XP level 13. HP: 119/119 MP: 19/19
 23064 | Lair:5   | Learned a level 3 spell: Regeneration
 23068 | Lair:5   | Learned a level 3 spell: Vampiric Draining
 23368 | Lair:5   | Found a viscous altar of Jiyva.
 23368 | Lair:5   | Found a staircase to the Slime Pits.
 23446 | Lair:5   | Reached skill level 5 in Evocations
 23456 | Lair:5   | Reached skill level 1 in Charms
 23462 | Lair:5   | Reached skill level 1 in Necromancy
 23888 | Lair:6   | Entered Level 6 of the Lair of Beasts
 24643 | Lair:6   | Got a sparkling platinum amulet
 24709 | Lair:6   | Learned a level 1 spell: Summon Butterflies
 24712 | Lair:6   | Learned a level 2 spell: Passwall
 24712 | Lair:6   | Identified the amulet "Moug" {rF+ Regen+ Str+4} (You found
                  | it on level 6 of the Lair of Beasts)
 25214 | Lair:6   | Found the +2 ratskin cloak {+Rats rPois rN+ Str-1 Int-1
                  | Dex+1}
 26632 | Orc:2    | Reached XP level 14. HP: 98/127 MP: 21/21
 26844 | Orc:2    | Found Meiggot's Magic Scroll Shop.
 26844 | Orc:2    | Found Pit Irphauz's Distillery.
 26845 | Orc:2    | Found Geimeyn's Book Emporium.
 26850 | Orc:2    | Found Humpiruy's Jewellery Emporium.
 26991 | Orc:2    | Reached skill level 5 in Charms
 26991 | Orc:2    | Reached skill level 5 in Necromancy
 27441 | Orc:1    | Noticed an orc warlord
 27579 | Orc:2    | Killed an orc warlord
 27772 | Orc:1    | Identified the ring of Jus Lecs {rElec Str+3 Int+2 Stlth+}
 27772 | Orc:1    | Noticed an orc warlord
 27833 | Orc:2    | Killed an orc warlord
 28033 | Orc:1    | Identified the +6 hand axe of Fear {chop, rN+}
 28566 | Orc:2    | Bought a scroll of enchant armour for 97 gold pieces
 28566 | Orc:2    | Bought 3 scrolls of identify for 78 gold pieces
 28581 | Orc:2    | Bought the ring "Erhikot" {rElec rC+} for 468 gold pieces
 28591 | Orc:2    | Bought a potion of berserk rage for 60 gold pieces
 28591 | Orc:2    | Bought a potion of heal wounds for 60 gold pieces
 28591 | Orc:2    | Bought a potion of agility for 48 gold pieces
 28765 | D:11     | Reached skill level 1 in Spellcasting
 30205 | D:13     | Found a runed translucent door.
 30205 | D:13     | Noticed hemabe's ghost (adept HuAr)
 30317 | D:13     | Found a gate to the Vaults.
 31169 | D:14     | Noticed Nessos
 31483 | D:14     | Noticed Azrael
 31509 | D:14     | Killed Azrael
 31509 | D:14     | Reached skill level 10 in Armour
 31629 | D:14     | Found a runed translucent gate.
 31630 | D:14     | Found a runed translucent gate.
 31631 | D:14     | Found a runed translucent gate.
 31851 | D:14     | Noticed loom's ghost (journeyman SpEn)
 31877 | D:14     | Reached XP level 15. HP: 133/134 MP: 24/26
 31880 | D:14     | Noticed Nessos
 31880 | D:14     | Nessos changed into Nessos the tarantella
 31882 | D:14     | Killed Nessos the tarantella
 31969 | D:14     | Found Herrife's Antique Weapon Shop.
 32276 | D:14     | Reached skill level 5 in Spellcasting
 32449 | D:14     | Killed loom's ghost
 32593 | D:15     | Entered Level 15 of the Dungeon
 32963 | D:15     | Found a staircase to the Depths.
 33718 | Snake:1  | Entered Level 1 of the Snake Pit
 33791 | Snake:1  | Noticed Louise
 33806 | Snake:1  | Killed Louise
 33975 | Snake:1  | Noticed Aizul
 33987 | Snake:1  | Killed Aizul
 34485 | Snake:2  | Noticed a nagaraja
 34500 | Snake:2  | Killed a nagaraja
 34500 | Snake:2  | Reached skill level 10 in Necromancy
 34875 | Snake:2  | Noticed a nagaraja
 34886 | Snake:2  | Killed a nagaraja
 35109 | Snake:2  | Reached skill level 1 in Translocations
 35361 | Snake:2  | Found Faoqok's Gadget Emporium.
 35361 | Snake:2  | Found Nadoggul's Jewellery Boutique.
 35362 | Snake:2  | Found Laak's Gadget Emporium.
 36164 | Snake:3  | Reached skill level 13 in Fighting
 36502 | Snake:4  | Entered Level 4 of the Snake Pit
 36913 | Snake:4  | Reached XP level 16. HP: 85/144 MP: 28/32
 37231 | Snake:3  | Reached skill level 5 in Translocations
 38269 | Snake:4  | Reached skill level 14 in Fighting
 39173 | Snake:4  | Got a serpentine rune of Zot
 39508 | Shoals:1 | Entered Level 1 of the Shoals
 40178 | Shoals:1 | Found the +9 heavy crossbow "Sniper" {velocity, Acc+∞ SInv}
 40692 | Shoals:2 | Identified a +2 pair of boots of running (You found it on
                  | level 2 of the Shoals)
 41004 | Shoals:2 | Reached skill level 15 in Fighting
 41604 | Shoals:3 | Reached XP level 17. HP: 151/156 MP: 32/34
 41695 | Shoals:3 | Noticed Donald
 41718 | Shoals:3 | Killed Donald
 42032 | Shoals:3 | Reached skill level 1 in Shields
 42563 | Shoals:3 | Noticed Ilsuiw
 42737 | Shoals:3 | Killed Ilsuiw
 42847 | Shoals:3 | Reached skill level 15 in Maces & Flails
 42974 | Shoals:4 | Entered Level 4 of the Shoals
 43020 | Shoals:4 | Noticed Polyphemus
 43051 | Shoals:4 | Killed Polyphemus
 43141 | Shoals:4 | Found a runed translucent door.
 43141 | Shoals:4 | Found a shimmering altar of Xom.
 43141 | Shoals:4 | Identified the +4 triple sword of the Radish {chaos, *Rage
                  | Dex+7}
 43141 | Shoals:4 | Noticed P0WERM0DE's ghost (journeyman DDFi)
 43451 | Shoals:4 | Reached skill level 5 in Shields
 43493 | Shoals:4 | Got a barnacled rune of Zot
 44734 | Vaults:1 | Entered Level 1 of the Vaults
 44785 | Vaults:1 | Found Qetemyxa's Assorted Antiques.
 44790 | Vaults:1 | Found a magical portal.
 44804 | WizLab   | Entered Iskenderun's Mystic Tower
 45882 | WizLab   | Identified Jopriumui's Guide on Boosting Earth
 45888 | WizLab   | Learned a level 3 spell: Spectral Weapon
 45890 | WizLab   | Learned a level 1 spell: Confusing Touch
 45918 | WizLab   | Identified Iskenderun's Volume of Arcane Weapons
 45918 | WizLab   | Identified Iskenderun's Catalogue of Attacks
 45986 | WizLab   | Reached XP level 18. HP: 163/163 MP: 35/35
 46463 | Vaults:1 | Found Inoig Bugiubb's Food Boutique.
 46497 | Vaults:1 | Reached skill level 10 in Shields
 46672 | Vaults:1 | Found Geonemor's Antique Armour Shop.
 47289 | Vaults:2 | Found Iweafy's Magic Scroll Shoppe.
 47298 | Vaults:2 | Bought a scroll of enchant armour for 82 gold pieces
 47298 | Vaults:2 | Bought a scroll of fear for 38 gold pieces
 47298 | Vaults:2 | Bought a scroll of enchant armour for 82 gold pieces
 48381 | Vaults:2 | Noticed Jory
 48423 | Vaults:2 | Killed Jory
 48895 | Orc:2    | Bought a scroll of enchant weapon for 97 gold pieces
 48895 | Orc:2    | Bought a scroll of enchant weapon for 97 gold pieces
 49801 | Vaults:3 | Reached XP level 19. HP: 160/170 MP: 36/36
 49819 | Vaults:3 | Found a staircase to the Crypt.
 50034 | Vaults:3 | Noticed Margery
 50057 | Vaults:3 | Killed Margery
 50281 | Vaults:3 | Reached skill level 1 in Hexes
 50477 | Vaults:3 | Reached skill level 15 in Shields
 51353 | Vaults:4 | Reached skill level 5 in Hexes
 52253 | Vaults:4 | Reached skill level 1 in Transmutations
 52253 | Vaults:4 | Reached skill level 1 in Earth Magic
 52779 | Depths:1 | Entered Level 1 of the Depths
 53258 | Depths:1 | Found a gateway to Hell.
 53537 | Depths:1 | Found a one-way gate leading to the halls of Pandemonium.
 53565 | Depths:1 | Reached XP level 20. HP: 158/178 MP: 35/37
 54223 | Depths:2 | Found a gateway to a ziggurat.
 54531 | Depths:2 | Noticed a golden dragon
 54655 | Depths:1 | Killed a golden dragon
 55324 | Depths:3 | Found Zufe's Gadget Shop.
 55621 | Depths:3 | Noticed Mara
 55731 | Depths:2 | Noticed EnegeticOcto's illusion
 55958 | Depths:2 | Killed Mara
 57003 | Depths:3 | Reached skill level 10 in Evocations
 57071 | Depths:3 | Reached XP level 21. HP: 91/184 MP: 38/38
 57296 | Depths:3 | Found a shattered altar of Ashenzari.
 58136 | Depths:4 | Reached skill level 15 in Armour
 58422 | Depths:4 | Found Diofet's Book Shoppe.
 58961 | Depths:4 | Identified the Incunabulum of Creation and Flight
 59467 | Depths:4 | Found a viscous altar of Jiyva.
 59500 | Depths:5 | Entered Level 5 of the Depths
 59500 | Depths:5 | Noticed a caustic shrike
 59500 | Depths:5 | Noticed a caustic shrike
 59500 | Depths:5 | Noticed a caustic shrike
 59500 | Depths:5 | Noticed a caustic shrike
 59525 | Depths:5 | Noticed a caustic shrike
 59525 | Depths:5 | Noticed a caustic shrike
 59525 | Depths:5 | Noticed a caustic shrike
 59525 | Depths:5 | Noticed a caustic shrike
 59626 | Depths:5 | Killed a caustic shrike
 59632 | Depths:5 | Killed a caustic shrike
 59638 | Depths:5 | Killed a caustic shrike
 59638 | Depths:5 | Reached skill level 10 in Dodging
 59651 | Depths:5 | Reached skill level 16 in Fighting
 59875 | Depths:5 | Killed a caustic shrike
 60765 | Depths:5 | Reached XP level 22. HP: 184/198 MP: 35/39
 60805 | Depths:5 | Reached skill level 17 in Fighting
 60845 | Depths:5 | Killed a caustic shrike
 60849 | Depths:5 | Killed a caustic shrike
 60852 | Depths:5 | Killed a caustic shrike
 60855 | Depths:5 | Killed a caustic shrike
 61116 | Depths:5 | Found a gate to the Realm of Zot.
 61713 | Depths:5 | Reached skill level 18 in Fighting
 62586 | Elf:1    | Entered Level 1 of the Elven Halls
 62588 | Elf:1    | Noticed Kirke
 62663 | Elf:1    | Found a flickering gateway to a bazaar.
 62692 | Bazaar   | Entered a bazaar
 62710 | Bazaar   | Found Fawafafa's Gadget Shop.
 62723 | Bazaar   | Found Firchinui's Book Boutique.
 62723 | Bazaar   | Found Qehomuo's Magic Scroll Shop.
 62752 | Bazaar   | Found Majov's Gadget Shop.
 62777 | Bazaar   | Bought a scroll of fog for 18 gold pieces
 62777 | Bazaar   | Bought a scroll of acquirement for 468 gold pieces
 62777 | Bazaar   | Bought a scroll of brand weapon for 180 gold pieces
 62777 | Bazaar   | Bought a scroll of teleportation for 27 gold pieces
 62777 | Bazaar   | Bought a scroll of enchant armour for 67 gold pieces
 62777 | Bazaar   | Bought a scroll of vulnerability for 67 gold pieces
 62804 | Bazaar   | Bought a wand of scattershot (4) for 360 gold pieces
 62804 | Bazaar   | Bought a wand of acid (7) for 330 gold pieces
 62804 | Bazaar   | Bought a wand of digging (6) for 300 gold pieces
 62819 | Bazaar   | Bought a wand of acid (6) for 200 gold pieces
 62819 | Bazaar   | Bought a box of beasts for 200 gold pieces
 62819 | Bazaar   | Bought a phantom mirror for 300 gold pieces
 62853 | Elf:1    | Identified the +2 gold dragon scales of the Pits of Slime
                  | {+Inv rPois rF+ rC+ Str+3} (You acquired it on level 1 of
                  | the Elven Halls)
 63169 | Elf:1    | Killed Kirke
 63566 | Elf:1    | Identified the Papyrus of Supportive Arcane Weapons
 63639 | Elf:2    | Noticed Agnes
 63646 | Elf:2    | Killed Agnes
 63671 | Elf:2    | Reached skill level 19 in Fighting
 63987 | Elf:2    | Found a runed translucent gate.
 63987 | Elf:2    | Found a runed translucent gate.
 63988 | Elf:2    | Found a runed translucent gate.
 64281 | Elf:2    | Identified the +2 rapier "Xyiqaig" {pierce, rPois Int+7
                  | Dex+3}
 64323 | Elf:2    | Found Bosearhu's Gadget Shoppe.
 64751 | Elf:2    | Bought a wand of scattershot (6) for 540 gold pieces
 64824 | Elf:2    | Learned a level 4 spell: Passage of Golubria
 64864 | Elf:3    | Entered Level 3 of the Elven Halls
 64913 | Elf:3    | Found Rosimn's Assorted Antiques.
 64927 | Elf:3    | Reached skill level 1 in Summonings
 64948 | Elf:3    | Noticed Nikola
 64964 | Elf:3    | Killed Nikola
 65452 | Elf:3    | Reached XP level 23. HP: 111/215 MP: 40/40
 65623 | Elf:2    | Reached skill level 20 in Fighting
 65909 | Elf:3    | Gained mutation: Scrolls take you a little longer to read.
                  | [a neqoxec]
 65935 | Elf:3    | Reached skill level 5 in Summonings
 66155 | Elf:3    | Identified the Disquisition on Protection and Malediction
 66183 | Elf:3    | Found the +7 mace of Variability {chain chaos}
 66186 | Elf:3    | Found the amulet of the Air {Inacc +Fly rElec EV+5 RMsl}
 66239 | Elf:3    | Identified the amulet of Vilutext {Harm *Drain Fragile MR+
                  | Dex+5 Stlth+} (You found it on level 3 of the Elven Halls)
 66989 | Depths:3 | Found a runed door.
 67136 | Depths:4 | Found a one-way gate to the infinite horrors of the Abyss.
 67141 | Depths:4 | Identified the +3 hunting sling "Cythof" {freeze, Str+5}
 67179 | Depths:4 | Voluntarily entered the Abyss.
 67189 | Abyss:1  | Found a corrupted altar of Lugonu.
 67343 | Abyss:1  | Gained mutation: Scrolls take you longer to read. [a
                  | cacodemon]
 67346 | Abyss:1  | Gained mutation: You do not regenerate when monsters are
                  | visible. [a cacodemon]
 67403 | Abyss:1  | Lost mutation: Scrolls take you longer to read. [potion of
                  | mutation]
 67403 | Abyss:1  | Lost mutation: Your spells are much easier to cast, but
                  | much less powerful. [potion of mutation]
 67403 | Abyss:1  | Gained mutation: You are partially covered in slimy green
                  | scales. (AC +2) [potion of mutation]
 67427 | Abyss:1  | Got a smoking lapis lazuli ring
 67430 | Abyss:1  | Identified the ring of Lamol {rC- rN+ MR+ Int+8 Dex+4} (You
                  | found it on level 1 of the Abyss)
 67574 | Abyss:1  | Gained mutation: Potions are less effective at restoring
                  | your health. [a neqoxec]
 67788 | Abyss:1  | Lost mutation: Scrolls take you a little longer to read.
                  | [potion of mutation]
 67788 | Abyss:1  | Lost mutation: You do not regenerate when monsters are
                  | visible. [potion of mutation]
 67788 | Abyss:1  | Lost mutation: You are partially covered in slimy green
                  | scales. (AC +2) [potion of mutation]
 67788 | Abyss:1  | Gained mutation: You are partially covered in large bone
                  | plates. (SH +4) [potion of mutation]
 67788 | Abyss:1  | Gained mutation: You are weak. (Str -2) [potion of
                  | mutation]
 67788 | Abyss:1  | Gained mutation: You evolve. [potion of mutation]
 68180 | Depths:4 | Escaped the Abyss
 68296 | Depths:4 | Voluntarily entered the Abyss.
 68652 | Depths:4 | Escaped the Abyss
 68664 | Depths:4 | Identified the +3 giant club of Inudyr Alum {drain, rC+}
                  | (You found it on level 4 of the Depths)
 68727 | Depths:4 | Voluntarily entered the Abyss.
 69018 | Abyss:1  | Gained mutation: You are frail. (-10% HP) [a cacodemon]
 69295 | Depths:4 | Escaped the Abyss
 69297 | Depths:4 | Voluntarily entered the Abyss.
 69903 | Abyss:3  | Got an abyssal rune of Zot
 69917 | Depths:4 | Escaped the Abyss
 70398 | Elf:3    | Bought a transparent cloak for 370 gold pieces
 70398 | Elf:3    | Identified the +1 cloak of Insurance {Regen+ SInv} (You
                  | bought it in a shop on level 3 of the Elven Halls)
 70552 | D:10     | You showed the abyssal rune of Zot to enter a treasure
                  | trove
 70553 | Trove    | Entered a treasure trove
 70558 | Trove    | Got a faintly glowing pewter amulet
 70560 | Trove    | Got a wavering turquoise ring
 70562 | Trove    | Got a smoking diamond amulet
 70564 | Trove    | Got a coiled brass amulet
 70566 | Trove    | Got a faintly glowing glass ring
 70568 | Trove    | Got a pitted jade ring
 70572 | Trove    | Got a bound turquoise ring
 70585 | D:10     | Identified the amulet "Tasy" {Harm *Drain rElec rPois
                  | Str+2} (You found it in a treasure trove)
 70586 | D:10     | Identified the ring "Xohunuack" {Str+3 Int+8 SInv} (You
                  | found it in a treasure trove)
 70587 | D:10     | Identified the amulet "Bazier" {Spirit Stlth+} (You found
                  | it in a treasure trove)
 70588 | D:10     | Identified the amulet "Hanoast" {Harm *Drain rElec rF+}
                  | (You found it in a treasure trove)
 70589 | D:10     | Identified the ring of Yesterday {-Tele rC+++ Str+2 Int-5
                  | Dex+3} (You found it in a treasure trove)
 70590 | D:10     | Identified the ring of Keogg {rN+ Int+3 Dex+6} (You found
                  | it in a treasure trove)
 70591 | D:10     | Identified the ring "Iseedorgh" {Fire Int-5 Dex+6 Stlth+}
                  | (You found it in a treasure trove)
 70828 | Zot:1    | Entered Level 1 of the Realm of Zot
 71088 | Zot:2    | Reached XP level 24. HP: 191/201 MP: 40/41
 71190 | Zot:5    | Entered Level 5 of the Realm of Zot
 71356 | Zot:5    | Reached skill level 15 in Evocations
 71801 | Zot:5    | Reached skill level 10 in Spellcasting
 72980 | Zot:5    | Noticed an orb of fire
 72982 | Zot:5    | Noticed an ancient lich
 72986 | Zot:5    | Noticed an orb of fire
 72987 | Zot:5    | Noticed an ancient lich
 72996 | Zot:5    | Killed an orb of fire
 73003 | Zot:5    | Killed an ancient lich
 73006 | Zot:5    | Noticed an ancient lich
 73014 | Zot:5    | Killed an orb of fire
 73023 | Zot:5    | Killed an ancient lich
 73026 | Zot:5    | HP: 6/201 [ancient lich/bolt of negative energy (26)]
 73156 | Zot:5    | Killed an ancient lich
 73316 | Zot:5    | Gained mutation: Your body sometimes deteriorates upon
                  | taking damage. [the power of Zot]
 73316 | Zot:5    | Gained mutation: You occasionally shout uncontrollably at
                  | your foes. [the power of Zot]
 73340 | Zot:5    | Noticed a Killer Klown
 73368 | Zot:5    | Killed a Killer Klown
 73409 | Zot:5    | Noticed an ancient lich
 73425 | Zot:5    | Killed an ancient lich
 73650 | Zot:5    | Reached skill level 21 in Fighting
 73751 | Zot:5    | Noticed an ancient lich
 73760 | Zot:5    | Got the Orb of Zot
 73811 | Zot:2    | Noticed Hoag the pandemonium lord
 73922 | Depths:1 | Gained mutation: You are partially covered in yellow
                  | scales. (AC +2) [evolution]
 73922 | Depths:1 | Lost mutation: You evolve. [end of evolution]
 74299 | D:$      | Escaped with the Orb!

Levels and vault maps discovered:
D:1:      elethiomel_arrival_diamonds, layout_basic
D:2:      lemuel_upstairs_altar, layout_loops_ring,
          nicolae_overflow_crystal_walls,
          chequers_ecumenical_altar_simple_redux, kennysheep_minor_cross,
          minmay_domino_4
D:3:      layout_basic, lemuel_round_altar, first_ration, uniq_ijyb
D:4:      layout_cave_pools, grunt_temple_overflow_order_and_chaos_2,
          lemuel_doored_altar, kennysheep_little_box, dk_xom_monty_hall,
          uniq_crazy_yiuf_cottage, uniq_blork_the_orc
D:5:      layout_loops_ring, minmay_temple_entry_glassed_door, serial_shops,
          nicolae_shop_trees, nrook_loot_triangle, uniq_menkaure, uniq_sigmund
D:6:      layout_basic, vehumet_altar_wand_db
D:7:      layout_cave_pods, hangedman_ru_absence, nicolae_elemental_shop,
          grunt_livestock
D:8:      kennysheep_big_flooded_room, layout_basic,
          ashenzari_conservatory_becter, dpeg_oklobed_lair, nrook_uturn,
          uniq_prince_ribbit1
D:9:      layout_roguey, zombieorc1_lemuel, serial_shops, shop, shop, shop, shop
D:10:     layout_small_grid, enter_trove_1
D:11:     layout_loops_cross
D:12:     layout_irregular_city
D:13:     layout_basic, erik_vaults_1, gammafunk_ghost_grave,
          eino_house_with_fridge
D:14:     layout_rooms, maelrawn_ghost_gauntlet_escape, serial_bayou_pond_b,
          serial_shops, shop, uniq_azrael, uniq_nessos
D:15:     hangedman_depths_entry_civil_slaughter, layout_long_grid,
          abandoned_shop, st_stairs_10
Lair:1:   layout_long_grid, serial_forest, infiniplex_forest_straight_4,
          infiniplex_forest_lined_2, infiniplex_forest_lined_4_way,
          infiniplex_forest_zigzag_1, infiniplex_forest_clump_C,
          infiniplex_forest_lined_room_2, infiniplex_forest_lined_room_3,
          enter_volcano_4, uniq_urug
Lair:2:   layout_layer_cave, dummy_snake_entry, gauntlet_entry_generic
Lair:3:   layout_roguey, uniq_nergalle
Lair:4:   layout_gridlike, elwin_shoals_entry_stream, basic_altar, st_stairs_5,
          pond
Lair:5:   layout_regular_city, slime_altar_1, serial_bayou_pond_a,
          grunt_megastairs_5
Lair:6:   gammafunk_lair_ancient_temple, layout_big_grid, wad_woods_06,
          minivault_11, grunt_forest_small_clearings, ice2_lemuel,
          lemuel_fruit_tree
Shoals:1: layout_shoals
Shoals:2: layout_shoals, kb_tengu_band
Shoals:3: layout_shoals, yaktaur_hedge, uniq_donald, uniq_ilsuiw
Shoals:4: shoals_end_simple, layout_shoals, ebering_ghost_xom, uniq_polyphemus
Snake:1:  layout_rooms, uniq_aizul, uniq_louise
Snake:2:  layout_gridlike, minmay_shop_grove
Snake:3:  layout_cave_town
Snake:4:  snake_pit, layout_onion, st_stairs_6
Orc:1:    layout_caves, basic_altar, minmay_orc_treasury
Orc:2:    st_orc_elflike, layout_diamond_mine
Elf:1:    layout_loops_ring, serial_shops, bzr_entry_gold, minmay_elf_sorcery,
          einodemon_armed_red_devil_minivault, uniq_kirke
Elf:2:    layout_loops_cross, serial_shops, nicolae_shop_window_shopping,
          st_stairs_2, palyth_stone_intersect, uniq_agnes
Elf:3:    minmay_elf_hall_not_hex, layout_loops_cross, serial_shops,
          shop_statue, uniq_nikola
Vaults:1: nicolae_vaults_hallways_thing, grunt_vaults_bifocal,
          nicolae_vaults_rhombus_6, vaults_mumra_hexcomb, v_misc_12, v_misc_4,
          nicolae_vaults_twisting_passages, v_alt_pattern_1,
          ontoclasm_vaults_twist, nicolae_vaults_angled_halls,
          layout_vaults_ring, serial_shops, shop, shop_statue, shop_statue,
          infiniplex_enter_wizlab_glasses
Vaults:2: hangedman_vaults_river_flow, nicolae_vaults_three_branches,
          nicolae_vaults_network_s, hangedman_vaults_restitches, st_octagons_1,
          hangedman_vaults_stitches, v_pattern_5, vaults_room_stairs_pillars,
          v_alt_pattern_3, vaults_room_semicircle,
          nicolae_vaults_little_squares_4, vaults_dpeg_hooks, v_misc_23,
          nicolae_vaults_little_squares_4, nicolae_vaults_little_squares_4,
          layout_vaults_maze_bifur, serial_shops, nicolae_shop_waterfront,
          uniq_jory
Vaults:3: vaults_dpeg_encased_lava, vaults_room_door_hall,
          nicolae_vaults_little_squares_2, vaults_room_pool,
          hangedman_vaults_pinch, v_pattern_3, hangedman_vaults_hat,
          blue_anna_dwarven_crypt, v_misc_4, v_misc_22, grunt_vaults_swirl,
          nicolae_vaults_angled_halls, vaults_room_fancy_cross,
          layout_vaults_omnicross, uniq_margery
Vaults:4: grunt_vaults_diagonal, hangedman_vaults_nails,
          ontoclasm_vaults_decontamination, st_lattice,
          ontoclasm_vaults_loading_screen, ontoclasm_vaults_chip,
          ontoclasm_vaults_hangar, v_pattern_1, layout_vaults_big_room
Depths:1: layout_long_grid, pan_entry, hell_entry, nicolae_wwwww,
          due_unseen_surprise
Depths:2: minmay_connected_boxes_in_corner, layout_cross, enter_ziggurat_b,
          pf_hell_entry_tar_river
Depths:3: evilmike_wizard_prison, layout_cave_pools, rand_demon_pan_entry_1,
          hell_entry, serial_shops, nicolae_shop_window_shopping,
          kennysheep_crisscross, evilmike_ruin_ashenzari, uniq_mara
Depths:4: lemuel_flame_loot_2, layout_gridville, special_room
          [special_room_jelly], hangedman_decor_riveting, serial_shops,
          shop_statue, hellmouth_1, abyss_entry, rand_demon_pan_entry_9,
          serial_co_window_serial, co_window_paths_b, co_window_paths_a,
          co_window_corner_a, co_window_of_opportunity_a, co_window_paths_b,
          co_window_2corner, co_window_corner_ca, co_window_unsneaky_path_c
Depths:5: grunt_x_marks_the_spot, layout_cave_shapes, serial_rivers,
          chequers_serial_rivers_micro_b, chequers_serial_rivers_large_a,
          chequers_serial_rivers_micro_c, chequers_serial_rivers_large_b,
          pf_vacation_house_of_asmodeus
Zot:1:    layout_concentric_octagons, bh_zot_ikea_curve, skrybe_zot_glass_3,
          grunt_megastairs_1
Zot:2:    layout_gridlike, st_stairs_9, grunt_ministairs_1
Zot:3:    layout_gridlike
Zot:4:    layout_concentric_octagons, grunt_megastairs_3
Zot:5:    layout_concentric_octagons
Abyss:1
Abyss:2:  hangedman_shadowy_showcase
Abyss:3:  nicolae_abyss_rune_left_handed
Bazaar:   bazaar_jpeg_honeycomb
Trove:    trove_jewel_2
Volcano:  volcano_lake [vl_original]
WizLab:   wizlab_iskenderun
Gauntlet: gammafunk_gauntlet_one_two_three
          [minmay_gauntlet_arena_make_your_own_arena, nicolae_gauntlet_arena_x,
          gammafunk_gauntlet_arena_chambers, nicolae_gauntlet_arena_grate_2,
          nicolae_gauntlet_arena_blocks, gammafunk_gauntlet_arena_corners,
          gammafunk_gauntlet_arena_arrow_garden,
          nicolae_gauntlet_arena_quarters, gammafunk_gauntlet_arena_crates,
          gauntlet_exit_green]

Skill      XL: |  1  2  3  4  5  6  7  8  9 10 11 12 13 14 15 16 17 18 19 20 21 22 23 24 |
---------------+-------------------------------------------------------------------------+-----
Maces & Flails | 3 4 5 6 7 8 9 10 12 13 14 16 | 16.0
Fighting       | 2 3 5 7 9 10 12 13 15 16 19 20 21 | 21.5
Dodging        | 3 6 8 10 | 10.1
Armour         | 2 5 8 10 13 15 | 15.0
Evocations     | 4 5 10 14 15 | 15.0
Charms         | 4 6 7 8 |  8.0
Necromancy     | 4 8 10 | 10.0
Spellcasting   | 4 8 12 | 12.2
Translocations | 4 8 |  8.0
Shields        | 8 14 15 | 15.0
Hexes          | 8 |  8.0
Transmutations | 3 4 |  4.0
Earth Magic    | 3 4 |  4.1
Summonings     | 2 8 |  8.0
Throwing       | |  1.7

Action                   |  1- 3 |  4- 6 |  7- 9 | 10-12 | 13-15 | 16-18 | 19-21 | 22-24 || total
-------------------------+-------+-------+-------+-------+-------+-------+-------+-------++-------
Melee: Flail             |   160 |   136 |       |       |       |       |       |       ||   296
       Dire flail        |       |    74 |   395 |    99 |       |       |       |       ||   568
       Great mace        |       |       |       |   638 |  1504 |   619 |       |       ||  2761
       Whip              |       |       |       |       |       |    66 |       |       ||    66
       Eveningstar       |       |       |       |       |       |  1226 |  1962 |  2114 ||  5302
Throw: Throwing net      |       |     1 |     1 |     7 |       |       |       |     3 ||    12
 Cast: Regeneration      |       |       |       |       |    23 |    87 |    50 |    66 ||   226
       Vampiric Draining |       |       |       |       |     3 |       |       |     2 ||     5
       Spectral Weapon   |       |       |       |       |       |       |    64 |    58 ||   122
       Passwall          |       |       |       |       |       |       |     2 |       ||     2
       Blink             |       |       |       |       |       |       |     9 |     1 ||    10
       Summon Butterflie |       |       |       |       |       |       |     2 |       ||     2
       Apportation       |       |       |       |       |       |       |       |    17 ||    17
       Confusing Touch   |       |       |       |       |       |       |       |     1 ||     1
       Passage of Golubr |       |       |       |       |       |       |       |     1 ||     1
Evoke: Wand              |       |     1 |     6 |     2 |    11 |    51 |    24 |    25 ||   120
       Lamp of fire      |       |       |       |       |     1 |     3 |     2 |     1 ||     7
       Box of beasts     |       |       |       |       |     1 |       |       |       ||     1
  Use: Scroll            |       |     6 |     3 |    22 |    11 |    19 |     4 |    39 ||   104
       Potion            |       |       |       |     4 |     5 |     2 |     4 |    17 ||    32
 Stab: Sleeping          |     2 |       |       |       |       |       |       |       ||     2
       Paralysed         |       |     5 |     4 |       |       |     2 |    13 |    11 ||    35
       Held in net/web   |       |       |       |     2 |       |       |       |     1 ||     3
       Petrified         |       |       |       |       |       |     3 |       |       ||     3
       Petrifying        |       |       |       |       |       |     1 |       |       ||     1
       Distracted        |       |       |       |       |       |       |    10 |     9 ||    19
       Invisible         |       |       |       |       |       |       |       |     6 ||     6
  Eat: Chunk             |     4 |    20 |    15 |    48 |    40 |    37 |    32 |    16 ||   212
       Ration            |       |       |       |       |       |     3 |     2 |    11 ||    16
Armor: Leather armour    |    59 |    33 |       |       |       |       |       |       ||    92
       Chain mail        |       |    31 |   132 |       |       |       |       |       ||   163
       Plate armour      |       |       |    13 |   543 |  1313 |  1340 |   875 |   840 ||  4924
       Skin              |       |       |       |       |     3 |       |       |       ||     3
Dodge: Dodged            |   140 |   116 |   111 |   335 |   981 |   757 |   494 |   528 ||  3462
Block: Shield            |       |       |       |       |       |   628 |  1319 |  1591 ||  3538
       Reflection        |       |       |       |       |       |    52 |   108 |    91 ||   251

Table legend:
 A = Non-vault XP
 B = Vault XP
 C = Vault XP percentage of total XP
 D = Non-vault monster count
 E = Vault monster count
 F = Vault count percentage of total count
                 A         B        C        D         E       F
            +---------+---------+-------+---------+---------+-------
      Total |  783812 |  566118 |  41.9 |    1475 |     654 |  30.7
            +---------+---------+-------+---------+---------+-------
        D:1 |      63 |       8 |  11.3 |      25 |       7 |  21.9
        D:2 |      55 |       4 |   6.8 |      27 |       2 |   6.9
        D:3 |     131 |      32 |  19.6 |      37 |       1 |   2.6
        D:4 |     263 |     178 |  40.4 |      14 |       4 |  22.2
        D:5 |     630 |     389 |  38.2 |       9 |       2 |  18.2
        D:6 |    1367 |       2 |   0.1 |      25 |       1 |   3.8
        D:7 |    1386 |     966 |  41.1 |      24 |       5 |  17.2
        D:8 |    1086 |     935 |  46.3 |      20 |       3 |  13.0
        D:9 |    3324 |     693 |  17.3 |      38 |      28 |  42.4
       D:10 |    1643 |       0 |   0.0 |      19 |       0 |   0.0
       D:11 |    3809 |       0 |   0.0 |      30 |       0 |   0.0
       D:12 |    7183 |       0 |   0.0 |      34 |       0 |   0.0
       D:13 |    4733 |    2741 |  36.7 |      16 |      14 |  46.7
       D:14 |   12853 |    7153 |  35.8 |      42 |      17 |  28.8
       D:15 |    3265 |    4737 |  59.2 |      11 |       7 |  38.9
     Lair:1 |    2775 |     847 |  23.4 |      12 |       1 |   7.7
     Lair:2 |    3037 |       0 |   0.0 |      17 |       0 |   0.0
     Lair:3 |    4638 |     808 |  14.8 |      15 |       1 |   6.2
     Lair:4 |   10930 |    2738 |  20.0 |      36 |      13 |  26.5
     Lair:5 |    2463 |    3609 |  59.4 |      11 |      10 |  47.6
     Lair:6 |    5560 |    9931 |  64.1 |      20 |      26 |  56.5
   Shoals:1 |    5500 |       0 |   0.0 |      12 |       0 |   0.0
   Shoals:2 |   10371 |    1160 |  10.1 |      25 |       2 |   7.4
   Shoals:3 |   17491 |    7384 |  29.7 |      30 |       7 |  18.9
   Shoals:4 |    7707 |   26580 |  77.5 |      17 |      35 |  67.3
    Snake:1 |    5450 |    3178 |  36.8 |      12 |       2 |  14.3
    Snake:2 |   18659 |       0 |   0.0 |      31 |       0 |   0.0
    Snake:3 |   15617 |       0 |   0.0 |      36 |       0 |   0.0
    Snake:4 |   19942 |   35018 |  63.7 |      38 |      47 |  55.3
      Orc:1 |    1634 |    5259 |  76.3 |      21 |      29 |  58.0
      Orc:2 |    2345 |   12970 |  84.7 |      22 |      37 |  62.7
      Elf:1 |   17772 |   10266 |  36.6 |      28 |      16 |  36.4
      Elf:2 |   21153 |   42106 |  66.6 |      38 |      44 |  53.7
      Elf:3 |   19111 |   33277 |  63.5 |      23 |      21 |  47.7
   Vaults:1 |   19919 |   11431 |  36.5 |      32 |      14 |  30.4
   Vaults:2 |   29545 |   39015 |  56.9 |      54 |      42 |  43.8
   Vaults:3 |   20808 |   24287 |  53.9 |      40 |      31 |  43.7
   Vaults:4 |   34206 |   14279 |  29.5 |      49 |      17 |  25.8
   Depths:1 |   31703 |    3987 |  11.2 |      33 |       1 |   2.9
   Depths:2 |   57664 |   36087 |  38.5 |      71 |      26 |  26.8
   Depths:3 |   36154 |    8409 |  18.9 |      47 |      10 |  17.5
   Depths:4 |   71948 |   22949 |  24.2 |      83 |      26 |  23.9
   Depths:5 |   70639 |   29172 |  29.2 |      45 |      17 |  27.4
      Zot:1 |   26918 |       0 |   0.0 |      19 |       0 |   0.0
      Zot:2 |   14664 |     995 |   6.4 |       5 |       2 |  28.6
      Zot:3 |    4119 |       0 |   0.0 |       2 |       0 |   0.0
      Zot:5 |   52851 |  114880 |  68.5 |      33 |      28 |  45.9
    Abyss:1 |   64848 |       0 |   0.0 |     118 |       0 |   0.0
    Abyss:2 |   11049 |       0 |   0.0 |      25 |       0 |   0.0
    Abyss:3 |    2831 |    6552 |  69.8 |       4 |       5 |  55.6
    Volcano |       0 |    7187 | 100.0 |       0 |      12 | 100.0
     WizLab |       0 |   30896 | 100.0 |       0 |      35 | 100.0
   Gauntlet |       0 |    3023 | 100.0 |       0 |       6 | 100.0
            +---------+---------+-------+---------+---------+-------
